[Event "Tuesday 03 April Rapid Engine Tour12+1 Rounds 9 Starts 1600ST"]
[Site "Infinity Chess"]
[Date "2018.4.3"]
[Round "9"]
[White "angriff"]
[Black "ludimilojko"]
[Result "1/2-1/2"]
[ECO "C50"]
[WhiteElo "2405"]
[BlackElo "2296"]
[WhiteEngine "DracoREX 3.07 64BIT POPCNT_CTG"]
[BlackEngine "CorChess 2.2 020418 _x64_CTG"]
[EventType "Swiss"]
[WhiteTeam ""]
[BlackTeam ""]
[PlyCount "126"]
[TimeControl "720+1"]

1. e4 e5 2. Nf3 Nc6 3. Bc4 Bc5 4. O-O Nf6 5. d3 d6 6. c3 a5 7. Nbd2 O-O 
8. Re1 h6 9. h3 Be6 10. a4 Ba7 11. Bxe6 fxe6 12. Nf1 Nh5 13. Be3 Nf4 
14. Ra3 Bxe3 15. fxe3 Nh5 16. N1d2 Qd7 17. Ra1 Rad8 18. Rb1 Qe8 19. b4 b6 
20. Re2 Rd7 21. Rf2 Nf6 22. Qb3 Rdf7 23. Rbf1 Qc8 24. g4 Nh7 25. h4 Ne7 
26. Kg2 Nf6 27. Kh3 Nh7 28. Rh2 Qd7 29. b5 Ng6 30. Rhh1 Qd8 31. Kg2 Qd7 
32. Qd1 Nf6 33. Kh3 Nh7 34. Kg2 Nf6 35. Kh3 Nh7 36. c4 c6 37. Qe2 cxb5 
38. cxb5 Qd8 39. Rc1 Kh8 40. Rhf1 Nf6 41. Rg1 Nd7 42. g5 Ne7 43. Rcf1 Nc5 
44. gxh6 gxh6 45. d4 exd4 46. exd4 Nd7 47. Kh2 Rf4 48. Qg2 R8f7 49. Qh3 d5 
50. exd5 Nxd5 51. Qxe6 N7f6 52. Rc1 Re7 53. Rc8 Rxe6 54. Rxd8+ Kh7 55. Kh3 Re3 
56. Rg3 Re2 57. Rb8 Nh5 58. Rb7+ Kh8 59. Ne5 Rf6 60. Rb8+ Kh7 61. Rb7+ Kh8 
62. Rb8+ Kh7 63. Rb7+ Kh8 1/2-1/2

[Event "Tuesday 03 April Rapid Engine Tour12+1 Rounds 9 Starts 1600ST"]
[Site "Infinity Chess"]
[Date "2018.4.3"]
[Round "9"]
[White "CrapCleaner"]
[Black "Dovahkiin"]
[Result "1/2-1/2"]
[ECO "B90"]
[WhiteElo "2416"]
[BlackElo "2385"]
[WhiteEngine "Raubfisch ME262_GTZ16e2_CTG"]
[BlackEngine "BrainFish_180329_x64_modern_CTG"]
[EventType "Swiss"]
[WhiteTeam ""]
[BlackTeam ""]
[PlyCount "163"]
[TimeControl "720+1"]

1. e4 c5 2. Nf3 d6 3. d4 cxd4 4. Nxd4 Nf6 5. Nc3 a6 6. Be3 e5 7. Nb3 Be6 
8. h3 Be7 9. Qf3 O-O 10. O-O-O b5 11. Kb1 b4 12. Nd5 Nxd5 13. exd5 Bc8 14. g4 a5 
15. Nd2 Nd7 16. Bd3 Qc7 17. h4 a4 18. h5 a3 19. b3 Nc5 20. Bxc5 Qxc5 
21. Bf5 Bxf5 22. gxf5 Rac8 23. Nc4 h6 24. Rhg1 Kh8 25. Qe3 Rfd8 26. Qxc5 Rxc5 
27. c3 bxc3 28. Rg4 Bg5 29. Nxa3 Ra8 30. b4 Rc7 31. Nc2 g6 32. fxg6 fxg6 
33. hxg6 Kg7 34. Rg3 Kxg6 35. a3 Kf5 36. Ka2 h5 37. f3 h4 38. Rh3 Rh8 
39. Kb3 Bf6 40. a4 Rg8 41. Rh2 Rg3 42. b5 Bd8 43. b6 Rb7 44. a5 Bxb6 
45. axb6 Rxb6+ 46. Kc4 Rb2 47. Kxc3 Rb5 48. Ne3+ Kg5 49. Rf1 e4 50. f4+ Kf6 
51. Kc4 Ra5 52. Re1 h3 53. Nf1 Rga3 54. Nd2 Kf5 55. Nb3 R3a4+ 56. Kc3 Rxd5 
57. Rxh3 Kxf4 58. Rh4+ Kf5 59. Rh5+ Ke6 60. Rxd5 Kxd5 61. Nc1 Ra3+ 62. Kb4 Rh3 
63. Na2 Ke5 64. Nc1 d5 65. Nb3 Rh8 66. Nc1 Rc8 67. Nd3+ Kd4 68. Nf4 Rb8+ 
69. Ka5 e3 70. Ne2+ Ke5 71. Rd1 Rb2 72. Nd4 Kf4 73. Ne6+ Kf5 74. Nd4+ Ke4 
75. Nb5 Ke5 76. Rh1 Kf4 77. Rd1 e2 78. Re1 Kf3 79. Nc3 Kf2 80. Rh1 e1=Q 
81. Rxe1 Kxe1 82. Nxd5 1/2-1/2

[Event "Tuesday 03 April Rapid Engine Tour12+1 Rounds 9 Starts 1600ST"]
[Site "Infinity Chess"]
[Date "2018.4.3"]
[Round "9"]
[White "hafaba"]
[Black "star99"]
[Result "1-0"]
[ECO "B53"]
[WhiteElo "2430"]
[BlackElo "2419"]
[WhiteEngine "Eman 1.70-beta13 64-bit POPCNT"]
[BlackEngine "Cryptic Heroes 9.2B"]
[EventType "Swiss"]
[WhiteTeam ""]
[BlackTeam ""]
[PlyCount "179"]
[TimeControl "720+1"]

1. e4 c5 2. Nf3 d6 3. d4 Nf6 4. Nc3 cxd4 5. Nxd4 a6 6. Bg5 e6 7. Qf3 Be7 
8. O-O-O Qc7 9. a3 Nbd7 10. g4 b5 11. Bd2 d5 12. Bf4 Qb6 13. Nxd5 exd5 
14. exd5 Bc5 15. Nc6 O-O 16. g5 Nxd5 17. Qxd5 Bb7 18. Bg2 Rac8 19. Qxd7 Bxc6 
20. Bxc6 Rxc6 21. Kb1 Bxf2 22. Be5 Bc5 23. b4 Bf2 24. Rhf1 Re6 25. Qd5 Rfe8 
26. Bb2 Be3 27. h4 Qc7 28. Rd3 Bb6 29. h5 Qc6 30. Qf5 Re1+ 31. Rd1 Rxd1+ 
32. Rxd1 Qe6 33. Qd3 Qe2 34. Qd7 Qe6 35. Qb7 Bd8 36. Qg2 Be7 37. Bc3 Bf8 
38. Kb2 Rc8 39. Qg3 Qf5 40. Re1 Qd7 41. h6 Qf5 42. Qe3 Qd5 43. Qh3 Qc6 
44. Qg3 Qg6 45. Qe5 Rd8 46. Re2 Rc8 47. Qd5 Qb6 48. Qf5 Qc6 49. Re3 Re8 
50. Rxe8 Qxe8 51. Qd3 Qe7 52. Qd2 Kh8 53. Qg2 Kg8 54. Qd5 Qd6 55. Qxd6 Bxd6 
56. Bxg7 Bf4 57. Bf6 Kf8 58. a4 Ke8 59. axb5 axb5 60. c4 bxc4 61. Kc3 Kd7 
62. Kxc4 Bd2 63. Kc5 Bc1 64. Kd5 Be3 65. Ke5 Bf2 66. b5 Be3 67. Ke4 Bg1 
68. Bd4 Bh2 69. Kf5 Bd6 70. b6 Kc6 71. Kf6 Kd5 72. Kxf7 Kxd4 73. g6 hxg6 
74. Kxg6 Ke4 75. h7 Be5 76. b7 Kf4 77. h8=Q Bxh8 78. b8=Q+ Be5 79. Qb4+ Ke3 
80. Kf5 Bh8 81. Qb3+ Kd4 82. Qb2+ Kd3 83. Qxh8 Kc4 84. Qe5 Kb3 85. Qb5+ Kc2 
86. Kf4 Kd2 87. Qc4 Ke1 88. Ke3 Kd1 89. Qc5 Ke1 90. Qc1# 1-0

[Event "Tuesday 03 April Rapid Engine Tour12+1 Rounds 9 Starts 1600ST"]
[Site "Infinity Chess"]
[Date "2018.4.3"]
[Round "9"]
[White "Harry_Potter"]
[Black "ocirema"]
[Result "1/2-1/2"]
[ECO "D31"]
[WhiteElo "2476"]
[BlackElo "2433"]
[WhiteEngine "asmFishW_2018-03-27_bmi2_CTG"]
[BlackEngine "stockfish_18040300_x64_modern_CTG"]
[EventType "Swiss"]
[WhiteTeam ""]
[BlackTeam ""]
[PlyCount "131"]
[TimeControl "720+1"]

1. d4 d5 2. c4 e6 3. Nc3 c6 4. cxd5 exd5 5. Bf4 Nf6 6. e3 Bf5 7. Nf3 Nbd7 
8. Be2 Qb6 9. Qc1 h6 10. O-O Be7 11. a3 O-O 12. h3 a5 13. Bd1 Qd8 14. Bc2 Bxc2 
15. Qxc2 Re8 16. Rac1 Rc8 17. Rfd1 Nb6 18. Qb3 Ra8 19. Re1 Ra6 20. Qc2 Bd6 
21. Bxd6 Qxd6 22. Ne5 Raa8 23. Rcd1 Re7 24. a4 Rc8 25. Rb1 Qd8 26. b3 Nbd7 
27. Nxd7 Qxd7 28. b4 Qd8 29. Qb2 axb4 30. Qxb4 Ra8 31. Ra1 Ra6 32. a5 Ne8 
33. Nb1 Qd6 34. Qc3 Qc7 35. Nd2 Nd6 36. Nb3 Ne4 37. Qb4 Re8 38. Ra2 Rea8 
39. Rea1 R6a7 40. Nc5 Nxc5 41. Qxc5 h5 42. Qb4 h4 43. Rb1 Rxa5 44. Rxa5 Rxa5 
45. Qxb7 Qxb7 46. Rxb7 Ra1+ 47. Kh2 Ra2 48. Kg1 Ra1+ 49. Kh2 Ra2 50. Kg1 g5 
51. Kf1 Kg7 52. Rb8 Kg6 53. Kg1 Kf5 54. Re8 Ra1+ 55. Kh2 Rf1 56. g4+ Kf6 
57. Kg2 Rd1 58. Kh2 Rd2 59. Kg2 Kg6 60. Re5 Ra2 61. Kf3 Ra3 62. Kg2 Kf6 
63. Rf5+ Kg6 64. Re5 Kf6 65. Kf3 Kg6 66. Kg2 1/2-1/2

[Event "Tuesday 03 April Rapid Engine Tour12+1 Rounds 9 Starts 1600ST"]
[Site "Infinity Chess"]
[Date "2018.4.3"]
[Round "9"]
[White "SkyPilot"]
[Black "RonWeasley"]
[Result "1/2-1/2"]
[ECO "C07"]
[WhiteElo "2492"]
[BlackElo "2441"]
[WhiteEngine "stockfish_x64_bmi2_2018_03_30_CTG"]
[BlackEngine "BrainFish 010418 WM_CTG"]
[EventType "Swiss"]
[WhiteTeam ""]
[BlackTeam ""]
[PlyCount "175"]
[TimeControl "720+1"]

1. e4 e6 2. d4 d5 3. Nd2 c5 4. Ngf3 cxd4 5. exd5 Qxd5 6. Bc4 Qd6 7. O-O Nf6 
8. Nb3 Nc6 9. Bg5 Be7 10. Nbxd4 Nxd4 11. Qxd4 Qxd4 12. Nxd4 O-O 13. Rfe1 Rd8 
14. c3 h6 15. Bf4 Bc5 16. Nb3 Bb6 17. a4 a5 18. Be5 Bd7 19. Bd4 Bxd4 
20. Nxd4 Bc6 21. g3 Rac8 22. Re5 Be4 23. Bb5 Bd5 24. Rd1 g5 25. f3 Nd7 
26. Re2 Nb6 27. Red2 Kg7 28. Rd3 Kf6 29. b3 Bc6 30. Bxc6 bxc6 31. c4 Rd7 
32. Kf2 Rb7 33. f4 Nd7 34. fxg5+ hxg5 35. Re3 g4 36. Kg2 Kg6 37. Rf1 c5 
38. Nxe6 fxe6 39. Rxe6+ Kg5 40. Re7 Kh6 41. Re6+ Kg5 42. Re7 Rc6 43. Rff7 Rf6 
44. Rg7+ Rg6 45. Rh7 Rxb3 46. Rxd7 Rb2+ 47. Kf1 Rf6+ 48. Ke1 Re6+ 49. Kd1 Kg6 
50. Rhg7+ Kf6 51. Rxg4 Ree2 52. Rh4 Kg6 53. Rf4 Rg2 54. Rd6+ Kh7 55. Rh4+ Kg8 
56. Rg4+ Kf7 57. Kc1 Rgc2+ 58. Kd1 Rxh2 59. Kc1 Rbc2+ 60. Kb1 Ke7 61. Rd5 Rb2+ 
62. Ka1 Ra2+ 63. Kb1 Rae2 64. Rg7+ Kf8 65. Rgd7 Rb2+ 66. Ka1 Ra2+ 67. Kb1 Rag2 
68. Rd8+ Kf7 69. R5d7+ Ke6 70. g4 Rb2+ 71. Ka1 Rbg2 72. Rd6+ Kf7 73. Kb1 Rh1+ 
74. Rd1 Rxd1+ 75. Rxd1 Rxg4 76. Rd7+ Ke6 77. Rd5 Rg1+ 78. Kb2 Rg2+ 79. Ka1 Rg1+ 
80. Ka2 Rg3 81. Rxc5 Rg2+ 82. Ka1 Rg1+ 83. Kb2 Rg2+ 84. Kc3 Rg3+ 85. Kb2 Rg2+ 
86. Ka1 Rg1+ 87. Ka2 Rg2+ 88. Ka1 1/2-1/2

[Event "Tuesday 03 April Rapid Engine Tour12+1 Rounds 9 Starts 1600ST"]
[Site "Infinity Chess"]
[Date "2018.4.3"]
[Round "9"]
[White "MGR"]
[Black "Brtroy"]
[Result "1/2-1/2"]
[ECO "C50"]
[WhiteElo "2449"]
[BlackElo "2499"]
[WhiteEngine "asmFishW_2018-04-02_bmi2"]
[BlackEngine "Stockfish_18040103_x64_bmi2_CTG"]
[EventType "Swiss"]
[WhiteTeam ""]
[BlackTeam ""]
[PlyCount "126"]
[TimeControl "720+1"]

1. e4 e5 2. Nf3 Nc6 3. Bc4 Bc5 4. d3 Nf6 5. c3 a5 6. O-O d6 7. Bg5 Ba7 
8. Nbd2 h6 9. Bh4 g5 10. Bg3 Nd7 11. d4 h5 12. h4 f6 13. dxe5 Ndxe5 14. Bb5 Bd7 
15. hxg5 h4 16. Bxe5 fxe5 17. Rb1 Qe7 18. Kh1 O-O 19. b4 Rf4 20. bxa5 Kg7 
21. a6 bxa6 22. Bxa6 Na5 23. Be2 Raf8 24. Rb2 Bb6 25. a4 Be6 26. Qb1 Qd8 
27. Qa1 Bg4 28. Qd1 Nb7 29. Ng1 Bd7 30. Bb5 Be6 31. Bc4 Bc8 32. f3 Na5 
33. Nh3 Bxh3 34. gxh3 Qc8 35. Kh2 Rh8 36. Bd5 Rh5 37. Rg1 Bxg1+ 38. Qxg1 Qa6 
39. Nf1 Nc6 40. Bxc6 Qxc6 41. Ne3 Qxa4 42. Qg2 Qe8 43. Nd5 Qf8 44. Nxc7 Qf7 
45. Nd5 Kg6 46. Rb6 Rxg5 47. Rxd6+ Kh5 48. Qf1 Rg3 49. Qc1 Rgxf3 50. Nxf4+ Qxf4+ 
51. Qxf4 Rxf4 52. c4 Rxe4 53. c5 Kg5 54. Rd8 Rc4 55. Kg1 Kf4 56. Rc8 e4 
57. c6 e3 58. c7 Kg3 59. Rg8+ Kxh3 60. c8=Q+ Rxc8 61. Rxc8 Kg3 62. Rc1 h3 
63. Kf1 e2+ 1/2-1/2

[Event "Tuesday 03 April Rapid Engine Tour12+1 Rounds 9 Starts 1600ST"]
[Site "Infinity Chess"]
[Date "2018.4.3"]
[Round "9"]
[White "MarioDeMonti"]
[Black "Mr Aj"]
[Result "1-0"]
[ECO "B90"]
[WhiteElo "2502"]
[BlackElo "2456"]
[WhiteEngine "stockfish_x64_bmi2_2018_02_18_CTG"]
[BlackEngine "Houdini 6_CTG"]
[EventType "Swiss"]
[WhiteTeam ""]
[BlackTeam ""]
[PlyCount "145"]
[TimeControl "720+1"]

1. e4 c5 2. Nf3 d6 3. d4 cxd4 4. Nxd4 Nf6 5. Nc3 a6 6. Be3 e5 7. Nb3 Be6 
8. f3 h5 9. Qd2 Nbd7 10. Nd5 Nxd5 11. exd5 Bf5 12. Na5 Be7 13. Be2 O-O 
14. O-O Qc8 15. Rac1 Re8 16. Nc4 b6 17. a4 Rb8 18. b4 Qb7 19. c3 Bg6 
20. Rfd1 Kh7 21. h3 f5 22. Bg5 Qc7 23. Bxe7 Rxe7 24. Qg5 Rf7 25. f4 exf4 
26. Nd2 Ne5 27. Bxa6 Rf6 28. Qxf4 Be8 29. Be2 Ra8 30. b5 Qc5+ 31. Kh1 Bf7 
32. c4 Rxa4 33. Ra1 Rb4 34. Ra7 Rb2 35. Qg5 Rc2 36. Bxh5 Qf2 37. Kh2 Kg8 
38. c5 dxc5 39. d6 Rxd6 40. Ne4 Qxg2+ 41. Qxg2 Rxg2+ 42. Kxg2 Rxd1 43. Bxd1 fxe4 
44. Ra8+ Kh7 45. Rb8 Bd5 46. Kf2 Nd3+ 47. Kg3 Nb2 48. Bc2 Nc4 49. Bb3 Ne3 
50. Kf2 c4 51. Ba4 Nf5 52. Rxb6 Kg8 53. Rb8+ Kf7 54. Rc8 Nd6 55. Rc7+ Kf6 
56. b6 Ke5 57. Bc6 Be6 58. b7 Nxb7 59. Bxb7 Kf6 60. Ba6 c3 61. Bb7 Bf5 62. h4 c2 
63. Ke3 Bg4 64. Rxc2 Bh5 65. Bxe4 Kf7 66. Kf4 Bd1 67. Rc1 Ba4 68. Ke5 Bb5 
69. Rc7+ Kg8 70. Bg6 Kf8 71. Kd6 Kg8 72. Rc8+ Be8 73. Rxe8# 1-0

[Event "Tuesday 03 April Rapid Engine Tour12+1 Rounds 9 Starts 1600ST"]
[Site "Infinity Chess"]
[Date "2018.4.3"]
[Round "9"]
[White "MCDermont"]
[Black "Marsell"]
[Result "1/2-1/2"]
[ECO "D30"]
[WhiteElo "2499"]
[BlackElo "2471"]
[WhiteEngine "BrainFish 010418 WM_CTG"]
[BlackEngine "asmFishW_2018-04-02_bmi2"]
[EventType "Swiss"]
[WhiteTeam ""]
[BlackTeam ""]
[PlyCount "98"]
[TimeControl "720+1"]

1. d4 d5 2. c4 e6 3. Nf3 Nf6 4. Nc3 c6 5. Bg5 h6 6. Bxf6 Qxf6 7. e3 Nd7 
8. Be2 g6 9. O-O Be7 10. Nd2 O-O 11. f4 b6 12. Rc1 Bb7 13. cxd5 exd5 
14. Bg4 Rad8 15. Nf3 Qd6 16. Ne5 Nf6 17. Bh3 c5 18. Nb5 Qb8 19. Qc2 Kg7 
20. Be6 a6 21. Nc3 Bc8 22. Bxc8 Qxc8 23. Na4 Ne4 24. Nxb6 Qb7 25. Na4 cxd4 
26. exd4 Rc8 27. Qb3 Qxb3 28. axb3 Nd2 29. Rxc8 Rxc8 30. Rd1 Nxb3 31. Nb6 Rc2 
32. Nxd5 Bd8 33. Rd3 Rxb2 34. Nc6 Bf6 35. Nxf6 Kxf6 36. d5 Nc5 37. Rd1 Nb7 
38. Ra1 a5 39. Nxa5 Nxa5 40. Rxa5 Rd2 41. g3 Kf5 42. Ra7 Kg4 43. Rxf7 Kf3 
44. h4 Kxg3 45. Kf1 Rxd5 46. Ke2 Kxh4 47. Rf6 g5 48. Rxh6+ Kg3 49. fxg5 Rxg5 
1/2-1/2

[Event "Tuesday 03 April Rapid Engine Tour12+1 Rounds 9 Starts 1600ST"]
[Site "Infinity Chess"]
[Date "2018.4.3"]
[Round "9"]
[White "ivrdurant"]
[Black "Prometheus"]
[Result "1/2-1/2"]
[ECO "C11"]
[WhiteElo "2475"]
[BlackElo "2446"]
[WhiteEngine "Raubfisch ME262_GTZ16d4"]
[BlackEngine "Eman 1.70-beta13 64-bit BMI2"]
[EventType "Swiss"]
[WhiteTeam ""]
[BlackTeam ""]
[PlyCount "55"]
[TimeControl "720+1"]

1. e4 e6 2. d4 d5 3. Nc3 Nf6 4. e5 Nfd7 5. f4 c5 6. Nf3 Nc6 7. Be3 Qb6 
8. Na4 Qa5+ 9. c3 c4 10. b4 Qc7 11. a3 b5 12. Nc5 a5 13. Be2 Nxc5 14. dxc5 Bd7 
15. O-O Be7 16. Qd2 O-O 17. g4 Ra6 18. Rae1 g6 19. Bd1 Rfa8 20. Bc2 axb4 
21. axb4 Ra2 22. Re2 Ra1 23. Bb1 R8a3 24. h4 Rb3 25. Bc2 Rba3 26. Bb1 Rb3 
27. Bc2 Rba3 28. Bb1 1/2-1/2

[Event "Tuesday 03 April Rapid Engine Tour12+1 Rounds 9 Starts 1600ST"]
[Site "Infinity Chess"]
[Date "2018.4.3"]
[Round "9"]
[White "THE_MACHINE"]
[Black "Thinker"]
[Result "1/2-1/2"]
[ECO "C50"]
[WhiteElo "2490"]
[BlackElo "2452"]
[WhiteEngine "BrainFish_180401_x64_bmi2"]
[BlackEngine "BrainFish_180329_x64_modern_CTG"]
[EventType "Swiss"]
[WhiteTeam ""]
[BlackTeam ""]
[PlyCount "96"]
[TimeControl "720+1"]

1. e4 e5 2. Nf3 Nc6 3. Bc4 Bc5 4. O-O Nf6 5. d3 d6 6. c3 O-O 7. Nbd2 a6 
8. a4 Ba7 9. h3 h6 10. Re1 Re8 11. b4 Be6 12. Bxe6 Rxe6 13. Qc2 Qd7 14. Nf1 d5 
15. Be3 Bxe3 16. Nxe3 Rd8 17. b5 Ne7 18. c4 d4 19. Nd5 Ng6 20. Rec1 Rc8 
21. g3 axb5 22. axb5 Nxd5 23. cxd5 Rb6 24. Kg2 f5 25. Qc4 Kh7 26. Rab1 Rf6 
27. Rb3 Qf7 28. Qc2 Rf8 29. Qd1 Kh8 30. Ra1 Qd7 31. Qc2 Kh7 32. Rab1 fxe4 
33. dxe4 Nh8 34. Rf1 Nf7 35. Nh2 Ng5 36. h4 Qh3+ 37. Kg1 Nf7 38. Rf3 Nd6 
39. Rxf6 Rxf6 40. Qe2 Rg6 41. Nf3 Rg4 42. Qd3 Nf5 43. exf5 Rxg3+ 44. fxg3 Qxg3+ 
45. Kh1 Qh3+ 46. Kg1 Qg3+ 47. Kh1 Qh3+ 48. Kg1 Qg3+ 1/2-1/2

[Event "Tuesday 03 April Rapid Engine Tour12+1 Rounds 9 Starts 1600ST"]
[Site "Infinity Chess"]
[Date "2018.4.3"]
[Round "8"]
[White "KULLANI"]
[Black "beka"]
[Result "1/2-1/2"]
[ECO "E10"]
[WhiteElo "2409"]
[BlackElo "2363"]
[WhiteEngine "BrainFish_180329_x64"]
[BlackEngine "stockfish_18032408_32bit"]
[EventType "Swiss"]
[WhiteTeam ""]
[BlackTeam ""]
[PlyCount "112"]
[TimeControl "720+1"]

1. d4 Nf6 2. c4 e6 3. Nf3 d5 4. Nc3 c6 5. Bg5 h6 6. Bxf6 Qxf6 7. e3 Nd7 
8. Be2 Qd8 9. Qc2 Be7 10. Rc1 a6 11. O-O O-O 12. a3 b6 13. Rfd1 Bb7 14. e4 Re8 
15. e5 dxc4 16. Bxc4 Qb8 17. Qe2 b5 18. Ba2 c5 19. d5 exd5 20. e6 Bd6 
21. exf7+ Kxf7 22. Qc2 c4 23. Nxd5 Kg8 24. h3 Bxd5 25. Rxd5 Nf6 26. Rd4 Ra7 
27. Rcd1 Bf8 28. R4d2 Bc5 29. b3 Rae7 30. bxc4 b4 31. axb4 Qxb4 32. Qg6 a5 
33. Rb1 Qa3 34. Nh4 Qc3 35. Rc2 Qd4 36. Nf5 Re1+ 37. Rxe1 Rxe1+ 38. Kh2 Qf4+ 
39. g3 Qg5 40. Qxg5 hxg5 41. Nd6 Kf8 42. Nb7 Ne4 43. Nxc5 Nxc5 44. Rd2 a4 
45. Rd5 Ne6 46. Ra5 Re2 47. Rxa4 Rxf2+ 48. Kg1 Rc2 49. c5 Nxc5 50. Ra8+ Ke7 
51. Ra7+ Kd6 52. Bg8 Rc3 53. Rxg7 Ne4 54. Bh7 Rxg3+ 55. Kh2 Re3 56. Bxe4 Rxe4 
1/2-1/2

[Event "Tuesday 03 April Rapid Engine Tour12+1 Rounds 9 Starts 1600ST"]
[Site "Infinity Chess"]
[Date "2018.4.3"]
[Round "8"]
[White "Dovahkiin"]
[Black "ludimilojko"]
[Result "1/2-1/2"]
[ECO "C24"]
[WhiteElo "2389"]
[BlackElo "2292"]
[WhiteEngine "BrainFish_180329_x64_modern_CTG"]
[BlackEngine "CorChess 2.2 020418 _x64_CTG"]
[EventType "Swiss"]
[WhiteTeam ""]
[BlackTeam ""]
[PlyCount "123"]
[TimeControl "720+1"]

1. e4 e5 2. Bc4 Nf6 3. d3 c6 4. Nf3 d5 5. Bb3 a5 6. a4 Bb4+ 7. c3 Bd6 
8. O-O dxe4 9. dxe4 Na6 10. Na3 Qe7 11. Nc4 Bc7 12. Qe2 Nc5 13. Bc2 O-O 
14. Rd1 Be6 15. Bg5 h6 16. Bh4 Bxc4 17. Qxc4 Ne6 18. Bg3 Nd7 19. Re1 Rad8 
20. Rab1 Rfe8 21. Red1 Nb6 22. Qf1 Nf4 23. Rxd8 Rxd8 24. b4 axb4 25. cxb4 Nd7 
26. b5 Ra8 27. h3 Ne6 28. bxc6 bxc6 29. Qc4 Qc5 30. Qxc5 Nexc5 31. Nd2 Ne6 
32. f3 Ndc5 33. Ra1 Ba5 34. Nc4 Bc3 35. Ra3 Bb4 36. Ra2 f6 37. Bf2 Kf7 
38. Kh2 Nd4 39. h4 Nb7 40. Bb1 Bc3 41. Ra3 Bb4 42. Ra2 Bc3 43. Kh3 h5 
44. g4 hxg4+ 45. Kxg4 Nc5 46. a5 g6 47. f4 exf4 48. Ra3 Nb5 49. Bxc5 Nxa3 
50. Bxa3 Bxa5 51. e5 Bd8 52. e6+ Kxe6 53. Bxg6 Ra4 54. Bd3 f5+ 55. Bxf5+ Kd5 
56. Bd3 Rxc4 57. Bxc4+ Kxc4 58. h5 Bg5 59. Kxg5 f3 60. h6 f2 61. h7 f1=Q 
62. h8=Q 1/2-1/2

[Event "Tuesday 03 April Rapid Engine Tour12+1 Rounds 9 Starts 1600ST"]
[Site "Infinity Chess"]
[Date "2018.4.3"]
[Round "8"]
[White "Vimtiroba"]
[Black "KillBill2017"]
[Result "1/2-1/2"]
[ECO "C50"]
[WhiteElo "2406"]
[BlackElo "2419"]
[WhiteEngine "SF9 ''C1''_CTG"]
[BlackEngine "Raubfisch X37f_CTG"]
[EventType "Swiss"]
[WhiteTeam ""]
[BlackTeam ""]
[PlyCount "98"]
[TimeControl "720+1"]

1. e4 e5 2. Nf3 Nc6 3. Bc4 Bc5 4. d3 Nf6 5. c3 d6 6. O-O O-O 7. Bg5 h6 8. Bh4 a5 
9. Nbd2 Ba7 10. Bb3 g5 11. Bg3 Be6 12. a4 Qe7 13. Nc4 Qd7 14. Ne3 Bxb3 
15. Qxb3 Bxe3 16. fxe3 Kg7 17. Nd2 Ne7 18. h3 Nh5 19. Bh2 g4 20. hxg4 Nf6 
21. Rf3 Nxg4 22. Raf1 f5 23. d4 b6 24. Qc4 d5 25. exd5 e4 26. Rh3 Nxd5 
27. Qe2 Kh7 28. Nc4 Rf7 29. Ne5 Nxe5 30. Bxe5 Rg8 31. Qh5 Rg6 32. c4 Nb4 
33. Rg3 Rxg3 34. Bxg3 Qe6 35. b3 Qg6 36. Qh2 c6 37. Bf4 Nd3 38. d5 cxd5 
39. cxd5 Rd7 40. d6 Kg7 41. Be5+ Kf7 42. Bd4 Rxd6 43. Rxf5+ Qxf5 44. Qxd6 Qf2+ 
45. Kh2 Qh4+ 46. Kg1 Qe1+ 47. Kh2 Qh4+ 48. Kg1 Qe1+ 49. Kh2 Qh4+ 1/2-1/2

[Event "Tuesday 03 April Rapid Engine Tour12+1 Rounds 9 Starts 1600ST"]
[Site "Infinity Chess"]
[Date "2018.4.3"]
[Round "8"]
[White "CrapCleaner"]
[Black "angriff"]
[Result "1/2-1/2"]
[ECO "C55"]
[WhiteElo "2416"]
[BlackElo "2405"]
[WhiteEngine "Raubfisch ME262_GTZ16e2_CTG"]
[BlackEngine "DracoREX 3.07 64BIT POPCNT_CTG"]
[EventType "Swiss"]
[WhiteTeam ""]
[BlackTeam ""]
[PlyCount "73"]
[TimeControl "720+1"]

1. e4 e5 2. Nf3 Nc6 3. Bc4 Nf6 4. d3 Bc5 5. O-O d6 6. c3 a5 7. Bg5 Ba7 
8. Nbd2 h6 9. Bh4 g5 10. Bg3 O-O 11. Re1 Nh7 12. h3 h5 13. d4 g4 14. Bh4 Qd7 
15. Nh2 exd4 16. cxd4 Bxd4 17. hxg4 hxg4 18. Be2 f5 19. exf5 Qxf5 20. Bxg4 Bxf2+ 
21. Kh1 Qg6 22. Bxf2 Rxf2 23. Qb3+ Kh8 24. Qc3+ Ne5 25. Ndf3 Nf6 26. Qd4 Rxg2 
27. Kxg2 Bxg4 28. Nxe5 dxe5 29. Rxe5 Bd7+ 30. Kf2 Rg8 31. Qh4+ Nh7 32. Re7 Qg2+ 
33. Ke1 Qh1+ 34. Kd2 Qg2+ 35. Ke1 Qh1+ 36. Kd2 Qg2+ 37. Ke1 1/2-1/2

[Event "Tuesday 03 April Rapid Engine Tour12+1 Rounds 9 Starts 1600ST"]
[Site "Infinity Chess"]
[Date "2018.4.3"]
[Round "8"]
[White "star99"]
[Black "ocirema"]
[Result "1/2-1/2 "]
[ECO "B50"]
[WhiteElo "2418"]
[BlackElo "2434"]
[WhiteEngine "Cryptic Heroes 9.2B"]
[BlackEngine "stockfish_18040300_x64_modern_CTG"]
[EventType "Swiss"]
[WhiteTeam ""]
[BlackTeam ""]
[PlyCount "146"]
[TimeControl "720+1"]

1. e4 c5 2. Nf3 d6 3. Nc3 Nf6 4. d4 cxd4 5. Nxd4 a6 6. h3 e5 7. Nb3 Be7 8. g4 h6 
9. Be3 Nc6 10. Qd2 b5 11. O-O-O Na5 12. Nxa5 Qxa5 13. Kb1 Be6 14. f3 Rc8 
15. a3 Rb8 16. Na2 Qc7 17. Nb4 Bc8 18. g5 hxg5 19. Bxg5 Bb7 20. Rh2 Kf8 
21. Bxf6 Bxf6 22. c4 bxc4 23. Bxc4 a5 24. Nd5 Qxc4 25. Nxf6 Qc7 26. Ng4 Rh5 
27. h4 Ba6 28. Ne3 a4 29. Qxd6+ Qxd6 30. Rxd6 Bb5 31. Kc1 g6 32. Kd1 Ke7 
33. Rd5 Rb7 34. Ke1 f6 35. Kf2 Bd7 36. Rd2 Be6 37. Nd1 Bb3 38. Ne3 Be6 
39. Nd1 Bb3 40. Nc3 Rb8 41. Rg2 Rh6 42. Rg1 Rbh8 43. Nb5 Bc4 44. Nc3 Bb3 
45. Ke3 Rg8 46. Rh1 Rgh8 47. Rg1 Rg8 48. Rh2 Ke6 49. Ne2 Rgh8 50. Rgh1 f5 
51. f4 fxe4 52. fxe5 Kxe5 53. Nd4 Rh5 54. Nc6+ Ke6 55. Rg2 Rxh4 56. Rxh4 Rxh4 
57. Rxg6+ Kd5 58. Nb4+ Kc4 59. Rc6+ Kb5 60. Rc7 Kb6 61. Rc8 Rh3+ 62. Kd4 Rh2 
63. Kxe4 Rxb2 64. Rb8+ Ka5 65. Nc6+ Ka6 66. Nb4+ Ka5 67. Kd4 Re2 68. Nc6+ Ka6 
69. Nb4+ Ka5 70. Kc3 Rh2 71. Nc6+ Ka6 72. Nb4+ Ka5 73. Ra8+ Kb6 1/2-1/2

[Event "Tuesday 03 April Rapid Engine Tour12+1 Rounds 9 Starts 1600ST"]
[Site "Infinity Chess"]
[Date "2018.4.3"]
[Round "8"]
[White "Prometheus"]
[Black "hafaba"]
[Result "1/2-1/2"]
[ECO "B27"]
[WhiteElo "2447"]
[BlackElo "2429"]
[WhiteEngine "Eman 1.70-beta13 64-bit BMI2"]
[BlackEngine "Eman 1.70-beta13 64-bit POPCNT"]
[EventType "Swiss"]
[WhiteTeam ""]
[BlackTeam ""]
[PlyCount "144"]
[TimeControl "720+1"]

1. e4 c5 2. Nf3 g6 3. c3 d5 4. exd5 Qxd5 5. d4 Bg7 6. Nbd2 cxd4 7. Bc4 Qd7 
8. Nxd4 Nf6 9. N2f3 Nc6 10. Nxc6 Qxd1+ 11. Kxd1 bxc6 12. Kc2 Nd5 13. Bd3 O-O 
14. Re1 Rd8 15. Bd2 a5 16. Ne5 Bxe5 17. Rxe5 f6 18. Ree1 e5 19. Red1 Be6 
20. b3 Kf7 21. a4 c5 22. Be4 Rab8 23. Bxd5 Bxd5 24. c4 Be4+ 25. Kb2 Rd4 
26. Bxa5 Rxc4 27. Rdc1 Bd5 28. Rxc4 Bxc4 29. Ra3 Ke6 30. Bd2 Kd6 31. Kc2 Bd5 
32. g3 Kc6 33. a5 Ra8 34. Kb2 Kb5 35. Be3 Ra6 36. Ra1 Be6 37. Rc1 Rc6 
38. a6 Kxa6 39. Rxc5 Rxc5 40. Bxc5 Kb5 41. Bf8 f5 42. Bd6 e4 43. Bf4 Kc6 
44. Bd2 Kc5 45. Bf4 Kd5 46. Be3 h5 47. h4 Bc8 48. Kc2 Kc6 49. Kc3 Kd5 50. b4 Bd7 
51. Bf4 Be8 52. Bg5 Bd7 53. Bc1 Ba4 54. Bh6 Bc6 55. Bd2 Bd7 56. Bf4 Bc8 
57. Kd2 Kd4 58. Be3+ Kc4 59. Bc5 Ba6 60. Ke2 f4 61. gxf4 Kd5+ 62. Ke3 Bc8 
63. f5 Bxf5 64. Kf4 Bd7 65. Kg5 Be8 66. Kf6 Kc4 67. Bd6 Kc3 68. Ke7 Bb5 
69. Kf7 Bd3 70. Bg3 Kxb4 71. Kxg6 e3+ 72. Kxh5 exf2 1/2-1/2

[Event "Tuesday 03 April Rapid Engine Tour12+1 Rounds 9 Starts 1600ST"]
[Site "Infinity Chess"]
[Date "2018.4.3"]
[Round "8"]
[White "RonWeasley"]
[Black "MGR"]
[Result "1/2-1/2"]
[ECO "D30"]
[WhiteElo "2441"]
[BlackElo "2449"]
[WhiteEngine "BrainFish 010418 WM_CTG"]
[BlackEngine "asmFishW_2018-04-02_bmi2"]
[EventType "Swiss"]
[WhiteTeam ""]
[BlackTeam ""]
[PlyCount "78"]
[TimeControl "720+1"]

1. d4 d5 2. c4 e6 3. Nf3 Nf6 4. Nc3 c6 5. Bg5 h6 6. Bxf6 Qxf6 7. e3 Nd7 
8. Be2 g6 9. O-O Bg7 10. e4 dxe4 11. Nxe4 Qf4 12. Qc2 f5 13. Ned2 c5 14. g3 Qd6 
15. Nh4 Kf7 16. d5 e5 17. Rae1 h5 18. Kg2 Nf6 19. b4 b6 20. bxc5 bxc5 
21. Ndf3 Nh7 22. Bd3 Re8 23. Nxf5 gxf5 24. Bxf5 Bxf5 25. Qxf5+ Kg8 26. Qxh5 e4 
27. Nd2 Nf6 28. Qg5 Re5 29. Qg6 Qe7 30. Re2 Rb8 31. Rfe1 Rb2 32. Nb3 Rxe2 
33. Rxe2 Qd6 34. Na5 Ne8 35. Qg4 Nf6 36. Qg6 Ne8 37. Qg4 Nf6 38. Qf4 Nh5 
39. Qg4 Nf6 1/2-1/2